 Dungeon Crawl Stone Soup version 0.24-a0-378-g94936e539c (webtiles) character file.

Game seed: 224700000028310485

83389 goulibeur the Protected (level 15, -3/137 HPs)
             Began as a Minotaur Fighter on May 31, 2019.
             Was the Champion of Trog.
             Killed from afar by an orc sorcerer (29 damage)
             ... with a bolt of fire
             ... on level 2 of the Orcish Mines on June 1, 2019.
             The game lasted 02:04:32 (27779 turns).

goulibeur the Protected (Minotaur Fighter)         Turns: 27779, Time: 02:04:33

Health: -3/137     AC: 20    Str: 23    XL:     15   Next: 32%
Magic:  4/4        EV: 12    Int:  8    God:    Trog [******]
Gold:   1370       SH: 20    Dex: 16    Spells: 14/14 levels left

rFire    . . .     SeeInvis .   G - +3 morningstar (antimagic)
rCold    . . .     Gourm    .   m - +0 large shield
rNeg     . . .     Faith    .   t - +0 plate armour
rPois    .         Spirit   .   y - +1 hat
rElec    .         Reflect  .   (no cloak)
rCorr    .         Harm     .   N - +0 pair of gloves of Distant Shores {-Tele Str+2 Int+3}
MR       +....     NoTele   +   p - +0 pair of boots
Stlth    ..........             (no amulet)
HPRegen  0.32/turn              (no ring)
MPRegen  0.09/turn              (no ring)

@: no status effects
A: retaliatory headbutt, horns 2
a: Berserk, Trog's Hand, Brothers in Arms, Renounce Religion


You were on level 2 of the Orcish Mines.
You worshipped Trog.
Trog was exalted by your worship.
You were not hungry.

You visited 3 branches of the dungeon, and saw 20 of its levels.
You also visited: Gauntlet, Ice Cave and Volcano.

You collected 1723 gold pieces.
You spent 353 gold pieces at shops.

Inventory:

Hand Weapons
 a - a +0 great mace of flaming
 j - a +2 flail of protection
 G - a +3 antimagic morningstar (weapon)
 V - a +2 double sword of slicing
Missiles
 k - 57 poisoned darts
 w - 5 atropa-tipped darts
 A - 2 boomerangs (quivered)
 D - 92 sling bullets
 K - 27 silver javelins
 L - 35 silver boomerangs
 U - 7 curare-tipped darts
Armour
 m - a +0 large shield (worn)
 p - a +0 pair of boots (worn)
 t - a +0 plate armour (worn)
 y - a +1 hat (worn)
 N - the +0 pair of gloves of Distant Shores (worn) {-Tele Str+2 Int+3}
   (You found it on level 9 of the Dungeon)

   It affects your strength (+2).
   It affects your intelligence (+3).
   It prevents most forms of teleportation.
Jewellery
 h - a +3 ring of strength {unknown}
 o - a cursed ring of attention {unknown}
 v - an uncursed amulet of harm {unknown}
 F - an uncursed ring of protection from cold {unknown}
 I - an uncursed ring of flight
 Y - an uncursed ring of see invisible
 Z - the ring of Pozu {rF- rC+ rN+ Int+5}
   (You found it in an ice cave)

   [ring of protection from cold]

   It affects your intelligence (+5).
   It makes you vulnerable to fire.
   It protects you from cold.
   It protects you from negative energy.
Wands
 n - a wand of paralysis (9)
 x - a wand of flame (18)
 z - a wand of random effects (15)
 M - a wand of iceblast (18)
 O - a wand of digging (6)
 P - a wand of disintegration (14)
Scrolls
 g - 10 scrolls of teleportation
 i - 3 scrolls of blinking
 r - 2 scrolls of fear
 C - 7 scrolls of remove curse
 E - a scroll of identify
 J - 2 scrolls of enchant armour
 T - 4 scrolls of fog
Potions
 b - 7 potions of flight
 d - 5 potions of might
 e - 2 potions of cancellation
 l - 9 potions of heal wounds
 q - a potion of invisibility
 s - a potion of berserk rage {unknown}
 u - 2 potions of ambrosia
 B - 2 potions of haste
 Q - 3 potions of curing
 R - a potion of resistance
 S - 4 potions of agility
Comestibles
 c - 8 chunks of flesh
 f - 34 rations


   Skills:
 + Level 13.7 Fighting
 + Level 13.5 Maces & Flails
 + Level 11.4 Throwing
 + Level 13.7 Armour
 + Level 12.3 Dodging
 + Level 13.6 Shields


You had 14 spell levels left.
You didn't know any spells.
Your spell library was empty.

Dungeon Overview and Level Annotations

Branches:
Dungeon (12/15)            Temple (0/1) D:7            Lair (6/6) D:10
  Swamp (0/4) Lair:4        Snake (0/4) Lair:4        Slime (0/5) Lair:6
    Orc (2/2) D:12
    Elf: Orc:2

Altars:
Cheibriados
Elyvilon
Hepliaklqana
Nemelex Xobeh
Qazlal
Sif Muna
Trog
Uskayaw
Xom
Yredelemnul
The Shining One
Jiyva

Shops:
D:7 ?   D:9 *   D:11 *

Annotations:
D:4 2 runed translucent doors, goulibeur's ghost, amateur MiFi


Innate Abilities, Weirdness & Mutations

You reflexively headbutt those who attack you in melee.
You have a pair of horns on your head.


Message History

The sixfirhy barely misses you.
The sixfirhy hits you but does no damage. x2
Something hits you but does no damage.
The sixfirhy hits you but does no damage. x3
The sixfirhy hits you! The sixfirhy shocks you!
* * * LOW HITPOINT WARNING * * *
The sixfirhy hits you but does no damage. x2
You can move again.
Items here: ))) [ † a +0 mace; a +0 hand axe; a +0 chain mail; a +0 short sword; an orc corpse The sixfirhy hits you.
* * * LOW HITPOINT WARNING * * *
The sixfirhy shocks you!
* * * LOW HITPOINT WARNING * * *
You block the sixfirhy's attack. x2
A magic dart appears from out of thin air!
The magic dart hits you but does no damage.
The orc sorcerer casts a spell at you. The bolt of fire hits you!!
You die...

##......##.............#...
#.#..#.##...#...........#..
...........##.............
..........#.....#.....#.#
##................#....#
##.#.....................
#.......................#
#........................
##........3@.............
#.......o3)[............
#.......)[o...........##
##.#....)........[.......
#................[.......
#........................
..#####..[..................##
....o8.....................#.#
.......{......................


You could see 2 sixfirhies, an orc sorcerer and an orc warrior.

Vanquished Creatures
  Frances (D:12)
  Kirke (Lair:6)
  A frost giant (IceCv)
  Nessos (Lair:6)
  Snorg (Lair:6)
  Fannar (Lair:1)
  8 hydras
  A catoblepas (Lair:2)
  4 two-headed ogres
  2 centaur warriors
  9 death yaks
  An orc high priest (Orc:2)
  A skeletal warrior (D:12)
  A hell knight (Volcano)
  An orc knight (Orc:2)
  3 ugly things
  2 cyclopes (D:11)
  An oklob plant (D:10)
  A manticore (D:11)
  An orc sorcerer (Orc:1)
  3 elephants (Lair:4)
  4 black mambas
  An ice statue (IceCv)
  A molten gargoyle (Volcano)
  23 spiny frogs
  3 gargoyles
  Psyche (D:9)
  3 komodo dragons
  2 kobold demonologists
  6 rime drakes
  A yaktaur (Volcano)
  14 polar bears
  A hornet (D:9)
  4 tyrant leeches (Lair:6)
  5 trolls
  21 blink frogs
  21 dream sheep
  4 hippogriffs
  2 shadows
  A wyvern (Lair:4)
  2 fire bats (Volcano)
  64 yaks
  4 hogs (Lair:6)
  8 vampire mosquitoes
  A hungry ghost (D:10)
  2 basilisks
  2 soldier ants (D:9)
  3 insubstantial wisps (Lair:2)
  A warg (Orc:2)
  3 swamp worms (Lair:4)
  Edmund (D:6)
  9 water moccasins
  10 porcupines
  A swamp drake (Lair:1)
  11 ice beasts
  2 sky beasts
  5 black bears
  14 orc warriors
  An eye of draining (D:12)
  3 phantoms
  10 ogres
  A necrophage (D:11)
  12 centaurs
  29 wolves
  15 crocodiles
  16 big kobolds
  26 bullfrogs
  3 wyvern skeletons
  2 scorpions (D:5)
  5 killer bees (D:10)
  A water moccasin skeleton (D:10)
  2 electric eels
  2 howler monkeys (D:9)
  5 lava snakes (Volcano)
  A bullfrog zombie (D:12)
  6 crimson imps
  A quasit (D:9)
  5 hounds
  18 orc wizards
  3 jellies
  12 orc priests
  2 bullfrog skeletons
  3 iguanas
  2 centaur skeletons
  13 worker ants
  A hound zombie (D:8)
  A worker ant zombie (D:10)
  17 adders
  4 shadow imps
  An ooze (D:1)
  2 adder zombies
  An adder skeleton (D:5)
  5 worms
  5 dart slugs
  3 leopard geckos
  73 orcs
  A ball python (D:1)
  7 bats
  8 giant cockroaches
  2 gnoll zombies (D:8)
  12 goblins
  4 hobgoblins
  12 jackals
  3 quokkas
  5 frilled lizards
  A jackal skeleton (D:5)
  37 kobolds
  7 rats
  4 plants
721 creatures vanquished.

Vanquished Creatures (others)
  3 humans (Lair:6)
  21 fungi
  36 plants
  A withered plant (Gauntlet)
61 creatures vanquished.

Grand Total: 782 creatures vanquished

Notes
Turn   | Place    | Note
-------+----------+-------------------------------------------
     0 | D:1      | goulibeur the Minotaur Fighter began the quest for the Orb.
     0 | D:1      | Reached XP level 1. HP: 19/19 MP: 0/0
    59 | D:1      | Reached XP level 2. HP: 27/27 MP: 1/1
   732 | D:2      | Reached XP level 3. HP: 33/33 MP: 2/2
   810 | D:2      | Reached skill level 1 in Throwing
   818 | D:2      | Reached skill level 1 in Dodging
  1459 | D:3      | Found a bloodstained altar of Trog.
  1471 | D:3      | Reached XP level 4. HP: 39/40 MP: 3/3
  1474 | D:3      | Became a worshipper of Trog the Wrathful
  1775 | D:3      | Reached XP level 5. HP: 24/47 MP: 4/4
  2018 | D:3      | Reached * piety under Trog
  2872 | D:4      | Reached XP level 6. HP: 37/53 MP: 5/5
  3265 | D:4      | Reached ** piety under Trog
  3296 | D:4      | Found a large runed translucent door.
  3296 | D:4      | Found a large runed translucent door.
  3296 | D:4      | Noticed goulibeur's ghost (amateur MiFi)
  3453 | D:4      | Found a hazy altar of Hepliaklqana.
  3608 | D:5      | Entered Level 5 of the Dungeon
  3667 | D:5      | Reached skill level 5 in Armour
  3705 | D:5      | Reached skill level 5 in Shields
  3727 | D:5      | Reached skill level 5 in Fighting
  3727 | D:5      | Reached XP level 7. HP: 33/61 MP: 6/6
  3891 | D:5      | Found a snail-covered altar of Cheibriados.
  4148 | D:5      | Found a white marble altar of Elyvilon.
  4544 | D:6      | Noticed Edmund
  4554 | D:6      | Killed Edmund
  4554 | D:6      | Reached skill level 5 in Maces & Flails
  4554 | D:6      | Reached XP level 8. HP: 70/70 MP: 7/7
  4623 | D:6      | Found a shimmering altar of Xom.
  4992 | D:7      | Found a snail-covered altar of Cheibriados.
  5115 | D:7      | Reached *** piety under Trog
  5323 | D:7      | Found a staircase to the Ecumenical Temple.
  5359 | D:7      | Reached skill level 5 in Dodging
  5422 | D:7      | Reached XP level 9. HP: 64/78 MP: 8/8
  5627 | D:7      | Found a deep blue altar of Sif Muna.
  5911 | D:7      | Found a hide-covered altar of Uskayaw.
  5911 | D:7      | Found a sparkling altar of Nemelex Xobeh.
  5958 | D:7      | Reached skill level 5 in Throwing
  5961 | D:7      | Reached **** piety under Trog
  6103 | D:7      | Found a stormy altar of Qazlal.
  6122 | D:7      | Found Yrao's Magic Scroll Emporium.
  6161 | D:7      | Bought a scroll of magic mapping for 42 gold pieces
  6161 | D:7      | Bought a scroll of identify for 24 gold pieces
  6264 | D:8      | Found a basalt altar of Yredelemnul.
  6341 | D:8      | Noticed a centaur warrior
  6342 | D:8      | Noticed a two-headed ogre
  6350 | D:8      | Killed a centaur warrior
  6357 | D:8      | HP: 3/118 [two-headed ogre/+0 giant club (5)]
  6359 | D:8      | Killed a two-headed ogre
  6359 | D:8      | Reached XP level 10. HP: 4/88 MP: 9/9
  7305 | D:9      | Noticed Psyche
  7465 | D:9      | Killed Psyche
  7465 | D:9      | Received a gift from Trog
  7542 | D:9      | Noticed a two-headed ogre
  7555 | D:9      | Killed a two-headed ogre
  7789 | D:9      | Got a pair of fine gloves
  7795 | D:9      | Identified the +0 pair of gloves of Distant Shores {-Tele
                  | Str+2 Int+3} (You found it on level 9 of the Dungeon)
  8157 | D:9      | Found Qikhlottu's Hallowed Reliquary.
  8159 | D:9      | Found a glowing golden altar of the Shining One.
  8161 | D:9      | Noticed an angel
  8165 | D:9      | Bought 2 silver boomerangs for 42 gold pieces
  8165 | D:9      | Bought 2 potions of heal wounds for 140 gold pieces
  8165 | D:9      | Bought 5 silver boomerangs for 105 gold pieces
  8270 | D:10     | Entered Level 10 of the Dungeon
  8581 | D:10     | Noticed an oklob plant
  8725 | D:10     | Reached XP level 11. HP: 88/97 MP: 10/10
  9101 | D:10     | Found a staircase to the Lair.
  9601 | D:10     | HP: 3/97 [acid (18)]
  9970 | D:10     | Killed an oklob plant
 10280 | D:11     | Found Zosalote's General Store.
 10411 | D:11     | Reached ***** piety under Trog
 10585 | D:11     | Noticed a brown ugly thing
 10691 | Lair:1   | Entered Level 1 of the Lair of Beasts
 10718 | Lair:1   | Found a gate leading to a gauntlet.
 10755 | Gauntlet | Entered a Gauntlet
 10755 | Gauntlet | Found a transporter.
 10755 | Gauntlet | Found a transporter.
 10755 | Gauntlet | Found a runed translucent gate.
 10776 | Gauntlet | Found a transporter.
 10777 | Gauntlet | Found a transporter.
 10784 | Gauntlet | Noticed a tengu warrior
 10787 | Gauntlet | Found a transporter.
 10789 | Gauntlet | Found a transporter.
 10798 | Gauntlet | Noticed a ghost crab
 10803 | Gauntlet | Found a transporter.
 10811 | Gauntlet | Found the +0 Maxwell's etheric cage {RegenMP+ *Contam rElec
                  | MP+4}
 10824 | Gauntlet | Found a transporter.
 10836 | Gauntlet | Found a transporter.
 10839 | Gauntlet | Found a transporter.
 10841 | Gauntlet | Noticed a soul eater
 10847 | Gauntlet | Found a transporter.
 10850 | Gauntlet | Found a transporter.
 10852 | Gauntlet | Found a runed translucent gate.
 10852 | Gauntlet | Found a runed translucent gate.
 10852 | Gauntlet | Noticed a necromancer
 11019 | Lair:1   | Found a frozen archway.
 11049 | Lair:1   | Received a gift from Trog
 11086 | Lair:1   | Reached skill level 10 in Armour
 11129 | IceCv    | Entered an ice cave
 11542 | IceCv    | Noticed a death yak
 11549 | IceCv    | Reached skill level 10 in Shields
 11566 | IceCv    | Killed a death yak
 11566 | IceCv    | Reached skill level 10 in Fighting
 11745 | IceCv    | Received a gift from Trog
 11776 | IceCv    | Reached XP level 12. HP: 68/106 MP: 11/11
 11792 | IceCv    | Reached skill level 10 in Maces & Flails
 12674 | IceCv    | Noticed a death yak
 12703 | IceCv    | Noticed a death yak
 12711 | IceCv    | Killed a death yak
 12725 | IceCv    | Killed a death yak
 13057 | IceCv    | Noticed a death yak
 13057 | IceCv    | Noticed a frost giant
 13097 | IceCv    | Killed a death yak
 13104 | IceCv    | Killed a frost giant
 13108 | IceCv    | Received a gift from Trog
 13502 | IceCv    | Got a vibrating ivory ring
 13708 | Lair:1   | Identified the ring of Pozu {rF- rC+ rN+ Int+5} (You found
                  | it in an ice cave)
 13729 | Lair:1   | Noticed a four-headed hydra
 13738 | Lair:1   | Killed a four-headed hydra
 13788 | Lair:1   | Noticed Fannar
 13801 | Lair:1   | Killed Fannar
 13852 | Lair:1   | Noticed a six-headed hydra
 13866 | Lair:1   | Killed a six-headed hydra
 13866 | Lair:1   | Received a gift from Trog
 14487 | Lair:2   | Reached XP level 13. HP: 116/116 MP: 12/12
 14631 | Lair:2   | Reached skill level 10 in Dodging
 15047 | Lair:2   | Received a gift from Trog
 15800 | Lair:3   | Found a dark tunnel.
 15809 | Volcano  | Entered a volcano
 16255 | Volcano  | Found a burning altar of Makhleb.
 16259 | Volcano  | Received a gift from Trog
 17486 | Lair:3   | Upgraded the game from 0.24-a0-375-g4de66ed42b to
                  | 0.24-a0-378-g94936e539c
 18042 | Lair:4   | Found a staircase to the Snake Pit.
 18113 | Lair:4   | You fall into a shaft and drop 2 floors!
 18113 | Lair:6   | Entered Level 6 of the Lair of Beasts
 18186 | Lair:6   | Noticed Snorg
 18229 | Lair:4   | Reached skill level 10 in Throwing
 19397 | Lair:4   | Found a staircase to the Swamp.
 19716 | Lair:5   | Received a gift from Trog
 20014 | Lair:5   | Reached XP level 14. HP: 103/126 MP: 13/13
 20925 | Lair:5   | Found a snail-covered altar of Cheibriados.
 21589 | Lair:6   | Killed Snorg
 22178 | Lair:6   | Noticed Kirke
 22204 | Lair:6   | Received a gift from Trog
 22211 | Lair:6   | Killed Kirke
 22592 | Lair:6   | Found a viscous altar of Jiyva.
 22593 | Lair:6   | Found a staircase to the Slime Pits.
 22595 | Lair:6   | Noticed Nessos
 22628 | Lair:6   | Killed Nessos
 23062 | Lair:6   | Received a gift from Trog
 23748 | Lair:6   | Received a gift from Trog
 24513 | D:11     | Reached ****** piety under Trog
 24611 | D:11     | Reached XP level 15. HP: 131/136 MP: 14/14
 24673 | D:11     | Received a gift from Trog
 25026 | D:11     | Identified a scroll of acquirement
 25407 | D:12     | Received a gift from Trog
 25807 | D:12     | Found a staircase to the Orcish Mines.
 26013 | D:12     | Noticed Frances
 26061 | D:12     | Killed Frances
 26599 | Orc:1    | Entered Level 1 of the Orcish Mines
 27164 | Orc:2    | Entered Level 2 of the Orcish Mines
 27700 | Orc:1    | Received a gift from Trog
 27773 | Orc:2    | Paralysed by an orc sorcerer for 6 turns
 27779 | Orc:2    | Killed from afar by an orc sorcerer

Levels and vault maps discovered:
D:1:      dpeg_arrival_tiny_g, layout_basic
D:2:      layout_basic, first_ration
D:3:      layout_basic, bloody_trog
D:4:      layout_loops_cross, marbit_many_paths, ebering_ghost_disaster_area
D:5:      layout_rooms, kennysheep_little_box, kennysheep_slug_shrine
D:6:      layout_cave_pools, basic_altar, grunt_tough_drop, uniq_edmund
D:7:      layout_rooms, kennysheep_mini, led_sif_book,
          gammafunk_temple_overflow_elements, lemuel_doored_altar,
          minmay_temple_entry_glass, serial_shops, shop_scrolls
D:8:      layout_basic, lemuel_zombie_altar_yredelemnul
D:9:      layout_rooms, hangedman_pestilent_swarm, nicolae_good_shop,
          uniq_psyche
D:10:     layout_basic, dpeg_oklobed_lair, enter_bailey_3
D:11:     layout_long_grid, special_room [special_room_kobold], serial_shops,
          nicolae_shop_behind_doors
D:12:     minmay_chambers_of_sixes, layout_long_grid, hiddenorc1_lemuel,
          uniq_frances
Lair:1:   layout_long_grid, portal_ice_cave_entry_ice_beasts,
          gauntlet_entry_generic, beast_lair_carwin_2,
          infiniplex_staircase_pool_2, lemuel_fruit_tree, lemuel_fruit_fields,
          uniq_fannar
Lair:2:   layout_concentric_octagons, pond
Lair:3:   layout_cave_pods, lightli_volcano_entry_magma_tube,
          infiniplex_staircase_pool
Lair:4:   layout_cave_pods, nicolae_swamp_entry_splash_gauntlet,
          dummy_snake_entry, st_stairs_9
Lair:5:   layout_regular_city, basic_altar, grunt_megastairs_3,
          serial_bayou_shore_a, lemuel_fruit_fields, serial_bayou_shore_b
Lair:6:   minmay_lair_end_frog_pond, layout_hall_layers, slime_altar_1,
          lemuel_fruit_fields, uniq_kirke, uniq_nessos, uniq_snorg
Orc:1:    layout_caves, basic_altar, nicolae_orc_rockfall, lightli_orcish_oven,
          uniq_sonja
Orc:2:    grunt_orc_cross, layout_caves, basic_altar

Skill      XL: |  1  2  3  4  5  6  7  8  9 10 11 12 13 14 |
---------------+-------------------------------------------+-----
Armour         | 4 5 6 8 9 10 11 12 13 | 13.7
Throwing       | 1 2 3 4 5 6 8 9 10 11 | 11.4
Dodging        | 1 2 3 4 5 6 7 8 9 11 12 | 12.3
Shields        | 4 5 6 7 9 10 11 12 13 | 13.6
Fighting       | 4 5 6 7 9 10 11 12 13 | 13.7
Maces & Flails | 3 4 5 6 7 8 9 11 12 13 | 13.5

Action                   |  1- 3 |  4- 6 |  7- 9 | 10-12 | 13-15 || total
-------------------------+-------+-------+-------+-------+-------++-------
Melee: Flail             |    96 |   207 |   334 |   981 |  1535 ||  3153
       Headbutt          |     9 |    36 |    73 |   288 |   422 ||   828
       Morningstar       |       |       |       |       |    18 ||    18
Throw: Dart              |       |       |     6 |    17 |       ||    23
       Boomerang         |       |       |       |    61 |   114 ||   175
Invok: Berserk           |       |       |     2 |     5 |    10 ||    17
  Use: Scroll            |       |       |     7 |    14 |    11 ||    32
       Potion            |       |       |       |       |     1 ||     1
  Eat: Chunk             |     2 |     7 |    10 |    28 |    44 ||    91
       Ration            |       |       |       |     2 |     3 ||     5
Armor: Scale mail        |    32 |    26 |       |       |       ||    58
       Plate armour      |       |   114 |   172 |   531 |   458 ||  1275
Dodge: Dodged            |    21 |    48 |    71 |   368 |   407 ||   915
Block: Shield            |    46 |   107 |   196 |   650 |   124 ||  1123
       Large shield      |       |       |       |       |  1086 ||  1086

Table legend:
 A = Non-vault XP
 B = Vault XP
 C = Vault XP percentage of total XP
 D = Non-vault monster count
 E = Vault monster count
 F = Vault count percentage of total count
                 A         B        C        D         E       F
            +---------+---------+-------+---------+---------+-------
      Total |   64824 |   54304 |  45.6 |     484 |     233 |  32.5
            +---------+---------+-------+---------+---------+-------
        D:1 |      40 |       0 |   0.0 |      16 |       0 |   0.0
        D:2 |      52 |       0 |   0.0 |      20 |       0 |   0.0
        D:3 |     184 |       0 |   0.0 |      34 |       0 |   0.0
        D:4 |     223 |       0 |   0.0 |      24 |       0 |   0.0
        D:5 |     708 |       4 |   0.6 |      21 |       1 |   4.5
        D:6 |     355 |     194 |  35.3 |      15 |       2 |  11.8
        D:7 |    2194 |      40 |   1.8 |      43 |       1 |   2.3
        D:8 |    2103 |       3 |   0.1 |      12 |       2 |  14.3
        D:9 |    1961 |    1016 |  34.1 |      18 |       5 |  21.7
       D:10 |    3461 |     542 |  13.5 |      33 |       5 |  13.2
       D:11 |    5440 |    1651 |  23.3 |      38 |      21 |  35.6
       D:12 |    6419 |    4397 |  40.7 |      43 |      24 |  35.8
     Lair:1 |    4769 |    2676 |  35.9 |      20 |      14 |  41.2
     Lair:2 |    5107 |     850 |  14.3 |      26 |       5 |  16.1
     Lair:3 |    4043 |       0 |   0.0 |      17 |       0 |   0.0
     Lair:4 |    9257 |     524 |   5.4 |      34 |       4 |  10.5
     Lair:5 |    8004 |    2046 |  20.4 |      27 |       8 |  22.9
     Lair:6 |    8191 |   18538 |  69.4 |      22 |      57 |  72.2
      Orc:1 |    1982 |     173 |   8.0 |      14 |       2 |  12.5
      Orc:2 |     331 |    2418 |  88.0 |       7 |      13 |  65.0
      IceCv |       0 |   15352 | 100.0 |       0 |      54 | 100.0
    Volcano |       0 |    3880 | 100.0 |       0 |      15 | 100.0
            +---------+---------+-------+---------+---------+-------
